 Dungeon Crawl Stone Soup version 0.24.0-37-gcf1ca852f1 (webtiles) character file.

Game seed: 13072359399668300204, levelgen mode: deterministic

44 Descartes the Skirmisher (level 3, -4/30 HPs)
             Began as a Formicid Abyssal Knight on Nov 22, 2019.
             Was a Believer of Lugonu.
             Slain by a gnoll
             ... wielding a +0 halberd
              (6 damage)
             ... on level 2 of the Dungeon.
             The game lasted 00:04:46 (1482 turns).

Descartes the Skirmisher (Formicid Abyssal Knight)  Turns: 1482, Time: 00:04:46

Health: -4/30      AC:  5    Str: 16    XL:     3   Next: 85%
Magic:  4/4        EV: 10    Int: 12    God:    Lugonu [**....]
Gold:   41         SH:  0    Dex: 10    Spells: 2/2 levels left

rFire    . . .     SeeInvis +   h - +0 broad axe
rCold    . . .     Gourm    .   (no shield)
rNeg     . . .     Faith    .   k - +0 ring mail
rPois    .         Spirit   .   (helmet unavailable)
rElec    .         Reflect  .   (no cloak)
rCorr    .         Harm     .   (no gloves)
MR       .....                  (no boots)
Stlth    ..........             (no amulet)
HPRegen  0.10/turn              (no ring)
MPRegen  0.09/turn              (no ring)

@: no status effects
A: permanent stasis, dig shafts and tunnels, four strong arms, antennae 3
a: Dig, Shaft Self, Depart the Abyss, Bend Space, Renounce Religion


You were on level 2 of the Dungeon.
You worshipped Lugonu.
Lugonu was pleased with you.
You were not hungry.

You visited 1 branch of the dungeon, and saw 2 of its levels.
You visited the Abyss 1 time.

You collected 41 gold pieces.

Inventory:

Hand Weapons
 a - a +1 hand axe
 h - a +0 broad axe (weapon)
Missiles
 f - 24 arrows
 g - a throwing net (quivered)
 m - 72 stones
Armour
 b - a +0 leather armour
 k - a +0 ring mail (worn)
Scrolls
 d - a scroll of remove curse {unknown}
 j - 3 scrolls of identify {unknown}
 l - a scroll of immolation {unknown}
 n - a scroll of teleportation {unknown}
 p - a scroll of magic mapping {unknown}
Potions
 e - a potion of heal wounds {unknown}
 o - 3 potions of curing {unknown}
Comestibles
 c - 3 rations
 i - 2 chunks of flesh


   Skills:
 + Level 3.9 Fighting
 + Level 2.7 Axes
 + Level 2.6 Armour
 + Level 1.2 Dodging
 + Level 2.3 Invocations


You had 2 spell levels left.
You didn't know any spells.
Your spell library was empty.

Dungeon Overview and Level Annotations

Branches:
Dungeon (2/15)

Altars:


Innate Abilities, Weirdness & Mutations

You cannot be hasted, slowed, berserked, paralysed or teleported.
You can dig through walls and to a lower floor.
Your four strong arms can wield two-handed weapons with a shield.
You have a pair of large antennae on your head. (SInv)


Message History

The gnoll barely misses you.
You hit the gnoll.
The gnoll is almost dead.
The bat hits you but does no damage. The gnoll closely misses you.
You barely miss the gnoll.
The gnoll is almost dead.
You slash the worm! The bat hits you but does no damage.
The gnoll hits you with a +0 halberd! The bat closely misses you.
The worm barely misses you. The gnoll hits you with a +0 halberd!
* * * LOW HITPOINT WARNING * * *
You barely miss the gnoll.
The gnoll is almost dead.
You barely miss the worm. You barely miss the bat.
The bat hits you but does no damage. The worm closely misses you.
The gnoll closely misses you.
You closely miss the gnoll.
The gnoll is almost dead.
You hit the worm. You miss the bat. The bat hits you but does no damage.
The gnoll hits you with a +0 halberd.
You die...

#.######.......#
#...#####.....##
##...#........#
#............#
#.#....#.#..##
#...(###....#
####..)....##
#.##).#....#
#.g@b.#....# {
#.w.#.#....#
w....#.#.#.##.#
....#.#.#...#
... ... .
.....?. ### ..
.. ......# . ..
#.####.# ... #.
..


You could see a worm, a gnoll and a bat.

Vanquished Creatures
  A gnoll (D:2)
  A dart slug (D:1)
  5 giant cockroaches
  4 goblins (D:1)
  4 hobgoblins (D:1)
  2 kobolds
  A quokka (D:2)
  4 bats (D:1)
  4 frilled lizards (D:1)
  5 rats
31 creatures vanquished.

Notes
Turn   | Place    | Note
-------+----------+-------------------------------------------
     0 | Abyss:1  | Descartes the Formicid Abyssal Knight began the quest for
                  | the Orb.
     0 | Abyss:1  | Reached XP level 1. HP: 18/18 MP: 2/2
     4 | Abyss:1  | Found a corrupted altar of Lugonu.
    38 | Abyss:2  | Noticed a small abomination
    99 | Abyss:2  | Noticed a glowing orange brain
   102 | Abyss:2  | Noticed a ynoxinul
   118 | D:1      | Escaped the Abyss
   411 | D:1      | Reached XP level 2. HP: 24/24 MP: 3/3
   961 | D:1      | Reached ** piety under Lugonu
   961 | D:1      | Reached skill level 1 in Dodging
   961 | D:1      | Reached XP level 3. HP: 28/30 MP: 4/4
  1480 | D:2      | HP: 1/30 [gnoll/+0 halberd (10)]
  1482 | D:2      | Slain by a gnoll

Levels and vault maps discovered:
D:1:      scummos_arrival_hexagon, layout_rooms
D:2:      layout_basic, chequers_temple_overflow_statue_of_worship

Skill      XL: |  1  2 |
---------------+-------+-----
Dodging        | 1 |  1.2
Fighting       | |  3.9
Axes           | |  2.7
Armour         | |  2.6
Invocations    | |  2.3

Action                   || total
-------------------------++-------
Melee: Broad axe         ||   135
  Eat: Chunk             ||     2
Armor: Leather armour    ||    12
       Ring mail         ||    79
Dodge: Dodged            ||   117
